 Dungeon Crawl Stone Soup version 0.22.1-2-g9c5b331383 (webtiles) character file.

80 Adamkad1 the Charmwright (level 4, -11/30 HPs)
             Began as a Halfling Skald on Dec 19, 2018.
             Killed by divine providence
             ... invoked by an orc priest
              (12 damage)
             ... on level 3 of the Dungeon.
             The game lasted 00:01:54 (1480 turns).

Adamkad1 the Charmwright (Halfling Skald)           Turns: 1480, Time: 00:01:55

Health: -11/30     AC:  3    Str: 12    XL:     4   Next: 65%
Magic:  2/6        EV: 15    Int: 11    God:
Gold:   101        SH:  0    Dex: 14    Spells: 1/6 levels left

rFire    . . .     SeeInvis .   a - +0 falchion
rCold    . . .     Gourm    .   (shield restricted)
rNeg     . . .     Faith    .   b - +0 leather armour
rPois    .         Spirit   .   (no helmet)
rElec    .         Reflect  .   (no cloak)
rCorr    .         Harm     .   (no gloves)
MR       .....                  (no boots)
Stlth    +.........             (no amulet)
HPRegen  0.10/turn              (no ring)
MPRegen  0.10/turn              (no ring)

@: infused (expiring)
A: small, mutation resistance 1
a: no special abilities


You were on level 3 of the Dungeon.
You were not hungry.

You visited 1 branch of the dungeon, and saw 3 of its levels.

You collected 101 gold pieces.

Inventory:

Hand Weapons
 a - a +0 falchion (weapon)
 m - a +0 hunting sling
Missiles
 n - 72 stones (quivered)
Armour
 b - a +0 leather armour (worn)
Scrolls
 c - a scroll of blinking {unknown}
 e - 3 scrolls of teleportation {unknown}
 f - a scroll of remove curse {unknown}
 g - 4 scrolls of identify {unknown}
 l - a scroll of noise {unknown}
Potions
 h - a potion of flight {unknown}
 i - a potion of curing {unknown}
 j - 2 potions of ambrosia {unknown}
 k - a potion of might {unknown}
Comestibles
 d - 5 rations
 o - 3 chunks of flesh


   Skills:
 * Level 2.3 Fighting
 * Level 2.5 Long Blades
 + Level 1.7 Armour
 * Level 2.8 Dodging
 + Level 1.8 Spellcasting
 * Level 3.9 Charms


You had one spell level left.
You knew the following spells:

 Your Spells              Type           Power        Failure   Level  Hunger
a - Infusion              Chrm           #...         8%          1    ##.....
b - Shroud of Golubria    Chrm/Tloc      #.........   26%         2    ###....
c - Song of Slaying       Chrm           #.......     11%         2    ###....

Your spell library contained the following spells:

 Spells                   Type           Power        Failure   Level  Hunger
 Regeneration             Chrm/Necr      #.........   45%         3    ####...
 Spectral Weapon          Hex/Chrm       #.......     45%         3    ####...


Dungeon Overview and Level Annotations

Branches:
Dungeon (3/15)

Altars:


Innate Abilities, Weirdness & Mutations

You are small and have problems with some larger weapons.
You are somewhat resistant to further mutation.


Message History

You closely miss the orc priest.
The orc priest is moderately wounded.
The orc priest hits you with a falchion.
You hit the orc priest but do no damage.
The orc priest is moderately wounded.
The orc priest hits you with a falchion.
The orc hits you but does no damage.
You hit the orc priest.
The orc priest is severely wounded.
Your magical infusion is running out.
The orc priest hits you with a falchion!
* * * LOW HITPOINT WARNING * * *
The orc completely misses you.
You hit the orc priest but do no damage.
The orc priest is severely wounded.
The orc priest looks braver for a moment.
The orc barely misses you.
The orc priest calls down the wrath of Beogh upon you.
Beogh smites you!
You die...

..........#
#.....#
######.#####
###### #.))..##
#####..# ##.##
#..## ##..####
### ##...o#
....
####@###..# #
#(o....# #
........#.#####
#
#########.....#
# #####.# ###
#.# ##.. #.###
####..#
#...###.(..##
###..>#......


You could see an orc priest and an orc.

Vanquished Creatures
  3 gnolls (D:3)
  2 adders (D:2)
  A worm (D:3)
  An orc (D:3)
  6 giant cockroaches
  8 goblins
  3 hobgoblins
  A bat (D:1)
  2 kobolds (D:1)
  2 rats
29 creatures vanquished.

Notes
Turn   | Place    | Note
-------+----------+-------------------------------------------
     0 | D:1      | Adamkad1 the Halfling Skald began the quest for the Orb.
     0 | D:1      | Reached XP level 1. HP: 14/14 MP: 3/3
    63 | D:1      | Reached XP level 2. HP: 14/19 MP: 4/4
   403 | D:2      | Reached XP level 3. HP: 21/24 MP: 5/5
   998 | D:2      | Learned a level 2 spell: Shroud of Golubria
  1001 | D:2      | Learned a level 2 spell: Song of Slaying
  1234 | D:3      | Found a faded altar of an unknown god.
  1377 | D:3      | Reached XP level 4. HP: 29/29 MP: 0/6
  1479 | D:3      | HP: 1/30 [orc priest/falchion (9)]
  1480 | D:3      | Killed from afar by an orc priest

Skill      XL: |  1  2 |
---------------+-------+-----
Fighting       | 2 |  2.3
Long Blades    | |  2.5
Armour         | |  1.7
Dodging        | |  2.8
Spellcasting   | |  1.8
Charms         | |  3.9

Action                   |  1- 3 |  4- 6 || total
-------------------------+-------+-------++-------
Melee: Falchion          |    69 |    23 ||    92
 Cast: Infusion          |     2 |     2 ||     4
       Shroud of Golubri |     1 |       ||     1
 Stab: Sleeping          |     1 |       ||     1
  Eat: Chunk             |     1 |     1 ||     2
Armor: Leather armour    |    14 |     3 ||    17
Dodge: Dodged            |    44 |    16 ||    60
       Rpst.: Falchion   |    18 |     5 ||    23
